 Dungeon Crawl Stone Soup version 0.31-a0-920-g28cbb04a8c (webtiles) character file.

Game seed: 7112015457330455920

1411 Maratek the Covert (level 8, 0/67 HPs)
             Began as a Gnoll Delver on Oct 17, 2023.
             Was an Initiate of Dithmenos.
             Slain by a quasit (1 damage)
             ... summoned by Eustachio
             ... on level 6 of the Dungeon.
             The game lasted 00:15:40 (4509 turns).

Maratek the Covert (Gnoll Delver)                   Turns: 4509, Time: 00:15:41

Health: 0/67       AC:  7    Str: 11    XL:     8   Next: 70%
Magic:  13/13      EV: 19    Int: 10    God:    Dithmenos [......]
Gold:   1247       SH:  6    Dex: 16    Spells: 14/14 levels left

rFire   . . .        p - +1 war axe
rCold   . . .        v - +1 buckler "Danat" {rElec rPois}
rNeg    . . .        d - +5 robe of Misfortune {Harm *Corrode *Slow EV+5}
rPois   +            (no helmet)
rElec   +            (no cloak)
rCorr   .            (no gloves)
SInv    .            (no boots)
Will    +....        n - amulet of regeneration
Stlth   ++++         j - ring of willpower
HPRegen 1.11/turn    (no ring)
MPRegen 0.13/turn

%: corrode self (3%), slow self (1%), harm (+30% outgoing, +20% incoming)
@: silenced
A: fangs 1, strong nose, distributed training
a: Renounce Religion


You were on level 6 of the Dungeon.
You worshipped Dithmenos.
Dithmenos was noncommittal.
You visited 2 branches of the dungeon, and saw 7 of its levels.

You collected 1247 gold pieces.

Inventory:

Hand Weapons
 p - a +1 war axe (weapon)
Missiles
 m - a throwing net
Armour
 d - the +5 robe of Misfortune (worn) {Harm *Corrode *Slow EV+5}
   (You found it on level 5 of the Dungeon)

   EV+5:      It affects your evasion (+5).
   *Corrode:  It may corrode you when you take damage.
   *Slow:     It may slow you when you take damage.
   Harm:      It increases damage dealt and taken.
 v - the +1 buckler "Danat" (worn) {rElec rPois}
   (You acquired it on level 5 of the Dungeon)

   rElec:     It insulates you from electricity.
   rPois:     It protects you from poison
Jewellery
 j - a ring of willpower (left hand)
 l - a ring of ice
 n - an amulet of regeneration (around neck)
Wands
 g - a wand of digging (3)
 h - a wand of mindburst (14)
Scrolls
 c - a scroll of fog
 e - 3 scrolls of fear
 s - a scroll of blinking {unknown}
 t - 3 scrolls of enchant armour
 x - a scroll of identify
Potions
 a - a potion of degeneration
 b - 2 potions of might
 f - a potion of haste
 i - a potion of lignification {unknown}
 k - 2 potions of heal wounds {unknown}
 o - a potion of ambrosia {unknown}
 q - a potion of mutation {unknown}
 r - a potion of curing {unknown}
 w - 2 potions of magic {unknown}


   Skills:
 + Level 7.5 Fighting
 + Level 3.5 Short Blades
 + Level 3.5 Long Blades
 + Level 5.9 Axes
 + Level 3.5 Maces & Flails
 + Level 3.5 Polearms
 + Level 3.5 Staves
 + Level 3.5 Ranged Weapons
 + Level 3.5 Throwing
 + Level 3.5 Armour
 + Level 5.9 Dodging
 + Level 10.2 Stealth
 + Level 3.5 Shields
 + Level 3.5 Unarmed Combat
 + Level 3.5 Spellcasting
 + Level 2.9 Conjurations
 + Level 2.9 Hexes
 + Level 2.9 Summonings
 + Level 2.9 Necromancy
 + Level 2.9 Translocations
 + Level 2.9 Transmutations
 + Level 2.9 Fire Magic
 + Level 2.9 Ice Magic
 + Level 2.9 Air Magic
 + Level 2.9 Earth Magic
 + Level 2.9 Poison Magic
 + Level 3.9 Invocations
 + Level 3.5 Evocations
 + Level 3.2 Shapeshifting


You had 14 spell levels left.
You didn't know any spells.
Your spell library contained the following spells:

 Spells                   Type           Power      Damage    Failure   Level
 Sandblast                Erth           14%        2d6       11%         1
 Passwall                 Tmut/Erth      5%         N/A       17%         2
 Gell's Gravitas          Tloc           7%         N/A       32%         3
 Ozocubu's Armour         Ice            7%         N/A       32%         3
 Stone Arrow              Conj/Erth      14%        3d7       32%         3
 Teleport Other           Tloc           7%         N/A       32%         3
 Brom's Barrelling Bould  Conj/Erth      7%         2d3       73%         4
 Dispersal                Tloc           3%         N/A       100%        6
 Ozocubu's Refrigeration  Ice            3%         4d8       100%        7


Dungeon Overview and Level Annotations

Branches:
Dungeon (6/15)             Temple (1/1) D:6

Altars:
Ashenzari
Dithmenos
Elyvilon
Gozag
Hepliaklqana
Kikubaaqudgha
Makhleb
Nemelex Xobeh
Okawaru
Qazlal
Ru
Sif Muna
Uskayaw
Vehumet
Wu Jian
Xom
Zin
The Shining One

Shops:
D:6 [

Annotations:
D:3 2 transporters
D:6 Eustachio, Menkaure


Innate Abilities, Weirdness & Mutations

You have very sharp teeth.
Your uncanny sense of smell can sniff out nearby items.
Your experience applies equally to all skills.


Message History

The white imp completely misses you.
Read: scroll of silence
Press: ? - help, Q - select action, (/) - cycle Dir - look around, f - activate Look: a quasit (summoned)
As you read the scroll of silence, it crumbles to dust.
A profound silence engulfs you.
The orc priest looks satisfied for a moment.
The orc priest hits you with a +0 morningstar.
* * * LOW HITPOINT WARNING * * *
The white imp gestures at you. The puff of frost hits you.
* * * LOW HITPOINT WARNING * * *
The quasit barely misses you. The quasit misses you.
The quasit closely misses you. The quasit attacks as it pursues you!
The quasit closely misses you.
The quasit claws you but does no damage. x2
You block the quasit's attack. The quasit misses you.
The quasit completely misses you. The quasit barely misses you.
The quasit claws you.
* * * LOW HITPOINT WARNING * * *
The quasit barely misses you.
The quasit bites you but does no damage.
The quasit claws you but does no damage. x2
Eustachio hits you with a +0 rapier!
* * * LOW HITPOINT WARNING * * *
The quasit attacks as it pursues you! The quasit completely misses you.
The quasit closely misses you. The quasit barely misses you.
The quasit attacks as it pursues you! The quasit completely misses you.
The quasit claws you but does no damage.
You block the quasit's attack. Eustachio attacks as he pursues you!
You block Eustachio's attack.
The quasit bites you but does no damage.
The quasit misses you.
The quasit claws you but does no damage.
The quasit misses you.
The quasit claws you but does no damage. x2
Eustachio hits you with a +0 rapier.
* * * LOW HITPOINT WARNING * * *
The quasit closely misses you. The quasit misses you. The quasit claws you.
You die...

#.# ### #.# #.# ##.#
##.# #..# #..# #..#
###.##
##..#########...#
##...............#
###....@...........##
#....55@#########...##
# ###..o5.# ###..###
#...O.# ##.... #.....#
#.... #...o.# #....
#.....# #.... ##....#
#..#. #....# #..##


You could see Eustachio, an ogre, 2 orc priests, 2 quasits and a white imp
(summoned, unsilenced).

Vanquished Creatures
  A black bear (D:5)
  2 ogres
  2 centaurs (D:5)
  A phantom (D:4)
  3 scorpions
  2 howler monkeys
  A hound (D:6)
  2 jellies
  A gnoll bouda (D:4)
  An orc priest (D:5)
  A sleepcap (D:5)
  6 iguanas
  2 orc wizards (D:5)
  5 gnolls (D:4)
  6 adders
  6 river rats (D:4)
  2 white imps (D:5)
  3 worms
  12 orcs
  6 ball pythons
  8 endoplasms
  2 giant cockroaches
  A goblin (D:1)
  7 hobgoblins
  7 jackals (D:2)
  6 quokkas
  5 bats
  4 frilled lizards
  7 kobolds
  5 rats
117 creatures vanquished.

Notes
Turn   | Place    | Note
-------+----------+-------------------------------------------
     0 | D:5      | Reached skill level 9 in Stealth
     0 | D:5      | Maratek the Gnoll Delver began the quest for the Orb.
     0 | D:5      | Reached XP level 1. HP: 23/23 MP: 1/1
     3 | D:5      | Found the +5 robe of Misfortune {Harm *Corrode *Slow EV+5}
    54 | D:5      | Noticed an orc priest
   135 | D:2      | Reached XP level 2. HP: 25/29 MP: 2/2
   223 | D:1      | Found a faded altar of an unknown god.
   413 | D:1      | Reached XP level 3. HP: 32/35 MP: 3/3
   736 | D:2      | Reached skill level 1 in Invocations
  1029 | D:2      | Reached skill level 1 in Short Blades
  1029 | D:2      | Reached skill level 1 in Long Blades
  1029 | D:2      | Reached skill level 1 in Maces & Flails
  1029 | D:2      | Reached skill level 1 in Polearms
  1029 | D:2      | Reached skill level 1 in Staves
  1029 | D:2      | Reached skill level 1 in Ranged Weapons
  1029 | D:2      | Reached skill level 1 in Throwing
  1029 | D:2      | Reached skill level 1 in Armour
  1029 | D:2      | Reached skill level 1 in Shields
  1029 | D:2      | Reached skill level 1 in Unarmed Combat
  1029 | D:2      | Reached skill level 1 in Spellcasting
  1029 | D:2      | Reached skill level 1 in Evocations
  1282 | D:3      | Found a transporter.
  1344 | D:3      | Reached XP level 4. HP: 41/41 MP: 5/5
  1402 | D:3      | Reached skill level 1 in Shapeshifting
  1486 | D:3      | Found a burning altar of Makhleb.
  1616 | D:3      | Found a transporter.
  2114 | D:4      | Reached skill level 1 in Conjurations
  2114 | D:4      | Reached skill level 1 in Hexes
  2114 | D:4      | Reached skill level 1 in Summonings
  2114 | D:4      | Reached skill level 1 in Necromancy
  2114 | D:4      | Reached skill level 1 in Translocations
  2114 | D:4      | Reached skill level 1 in Transmutations
  2114 | D:4      | Reached skill level 1 in Fire Magic
  2114 | D:4      | Reached skill level 1 in Ice Magic
  2114 | D:4      | Reached skill level 1 in Air Magic
  2114 | D:4      | Reached skill level 1 in Earth Magic
  2114 | D:4      | Reached skill level 1 in Poison Magic
  2213 | D:4      | Reached XP level 5. HP: 47/47 MP: 5/7
  2479 | D:4      | Reached XP level 6. HP: 53/53 MP: 8/8
  2567 | D:4      | Reached skill level 5 in Axes
  2567 | D:4      | Reached skill level 5 in Dodging
  2776 | D:4      | Reached XP level 7. HP: 59/59 MP: 10/10
  3442 | D:5      | Reached skill level 10 in Stealth
  3530 | D:5      | Reached XP level 8. HP: 67/67 MP: 12/12
  4058 | D:5      | Identified a scroll of acquirement
  4058 | D:5      | Acquired the +1 buckler "Danat" {rElec rPois}
  4129 | D:6      | Identified the "Pame Zausuo"
  4206 | D:6      | Found Irisic's Armour Shoppe.
  4239 | D:6      | Noticed Menkaure
  4256 | D:6      | Acquired 964 gold pieces
  4302 | D:6      | Found a staircase to the Ecumenical Temple.
  4311 | Temple   | Entered the Ecumenical Temple
  4358 | Temple   | Became a worshipper of Dithmenos the Shadowed
  4490 | D:6      | Noticed Eustachio
  4507 | D:6      | HP: 1/67 [Eustachio/+0 rapier (8)]
  4509 | D:6      | Slain by a quasit

Illustrated notes

Levels and vault maps discovered:
D:1:      pf_arrival_petrified_forest, layout_basic,
          hellmonk_ecumenical_altar_heavens_door
D:2:      layout_basic, grunt_ministairs_11
D:3:      gammafunk_wand_slinger, layout_loops_ring,
          nicolae_overflow_crystal_walls
D:4:      layout_loops_corners, lightli_sewer_entry_pipes
D:5:      minmay_spotlight, layout_cave_pools
D:6:      layout_layer_cave, amcnicky_altar_gilded, minmay_temple_entry_hall,
          serial_shops, nicolae_shop_statue_plus, uniq_eustachio, uniq_menkaure
Temple:   bh_familiar_temple

Skill      XL: |  1  2  3  4  5  6  7  8 |
---------------+-------------------------+-----
Stealth        | 10 | 10.2
Invocations    | 1 2 3 |  3.9
Short Blades   | 1 2 3 |  3.5
Long Blades    | 1 2 3 |  3.5
Maces & Flails | 1 2 3 |  3.5
Polearms       | 1 2 3 |  3.5
Staves         | 1 2 3 |  3.5
Ranged Weapons | 1 2 3 |  3.5
Throwing       | 1 2 3 |  3.5
Armour         | 1 2 3 |  3.5
Shields        | 1 2 3 |  3.5
Unarmed Combat | 1 2 3 |  3.5
Spellcasting   | 1 2 3 |  3.5
Evocations     | 1 2 3 |  3.5
Shapeshifting  | 1 2 3 |  3.2
Conjurations   | 1 2 |  2.9
Hexes          | 1 2 |  2.9
Summonings     | 1 2 |  2.9
Necromancy     | 1 2 |  2.9
Translocations | 1 2 |  2.9
Transmutations | 1 2 |  2.9
Fire Magic     | 1 2 |  2.9
Ice Magic      | 1 2 |  2.9
Air Magic      | 1 2 |  2.9
Earth Magic    | 1 2 |  2.9
Poison Magic   | 1 2 |  2.9
Axes           | 5 |  5.9
Dodging        | 5 |  5.9
Fighting       | 7 |  7.5

Action                     |  1- 3 |  4- 6 |  7- 9 || total
---------------------------+-------+-------+-------++-------
  Melee: Hand axe          |    83 |       |       ||    83
         Bite              |     8 |    10 |    25 ||    43
         War axe           |    20 |   178 |   163 ||   361
         Punch             |       |     3 |     7 ||    10
    Use: Scroll            |     2 |     7 |     6 ||    15
   Stab: Sleeping          |    17 |    11 |     1 ||    29
         Distracted        |       |     2 |     1 ||     3
 Armour: Robe              |    31 |    59 |   133 ||   223
  Dodge: Dodged            |    79 |   185 |   191 ||   455
  Block: Buckler           |       |       |    29 ||    29

Table legend: (Time is in decaauts)
 A = Elapsed time spent in this place.
 B = Non-inter-level travel time spent in this place.
 C = Inter-level travel time spent in this place.
 D = Time resting spent in this place.
 E = Time spent auto-exploring this place.
 F = Levels seen in this place.
 G = Mean time per level.
                   A        B        C        D        E       F      G
               +--------+--------+--------+--------+--------+-----+--------+
         Total |   4639 |   4165 |    474 |    314 |   2725 |   7 |  662.7 |
       Dungeon |   4546 |   4163 |    383 |    314 |   2725 |   6 |  757.7 |
        Temple |     93 |      2 |     91 |      0 |      0 |   1 |   93.0 |
               +--------+--------+--------+--------+--------+-----+--------+

Top non-repeatable levels by time:
     D:4: 1418 daAuts
     D:5: 962 daAuts
     D:3: 720 daAuts
     D:1: 592 daAuts
     D:2: 564 daAuts
     D:6: 287 daAuts
  Temple: 93 daAuts
